[Event "WJCC U20 Girls 2019"]
[Site "New Delhi"]
[Date "2019.10.23"]
[Round "9.31"]
[White "Gomez Barrera, Javiera Belen"]
[Black "Savitha Shri B"]
[Result "1/2-1/2"]
[ECO "B90"]
[WhiteElo "2033"]
[BlackElo "1916"]
[Annotator "NA"]
[PlyCount "143"]
[EventDate "2019.10.15"]
[EventType "swiss"]
[EventCountry "IND"]
[SourceTitle "playchess.com"]
[Source "ChessBase"]
[SourceQuality "1"]
[TimeControl "40/5400+30:1800+30"]

1. e4 c5 2. Nf3 d6 3. d4 cxd4 4. Nxd4 Nf6 5. Nc3 a6 6. Be3 e6 7. f3 Be7 8. Qd2 Qc7 9. g4 Nfd7 10. O-O-O Ne5 (10... b5 $142) 11. g5 b5 12. h4 $14 (12. f4 $18) 12... Bd7 13. a3 Nc4 14. Bxc4 bxc4 15. h5 Nc6 16. Nxc6 Qxc6 17. g6 fxg6 18. hxg6 h6 19. Ne2 Rb8 20. Qc3 Rg8 21. Bd4 e5 22. Be3 Rb5 23. Rhg1 Kd8 24. Ng3 Kc8 25. Nf5 Bxf5 26. exf5 d5 27. Qxe5 Bf6 28. Qe6+ Qxe6 29. fxe6 Bxb2+ 30. Kd2 d4 31. Bf2 Re8 32. a4 Rf5 33. Rg4 c3+ 34. Ke2 Rxe6+ 35. Kf1 Rxf3 36. Rdxd4 Ref6 37. Rc4+ Kb8 38. Rg2 Re6 39. Kg1 Bc1 40. Rb4+ Ka8 41. Rd4 Bg5 42. Rd7 Rxg6 43. Bd4 Re6 44. Rf2 Rxf2 45. Kxf2 Bf6 46. Bxf6 Rxf6+ 47. Kg3 Rg6+ 48. Kf3 Kb8 49. Rd3 Rc6 50. Rd7 Rc7 51. Rd6 Kb7 52. Rg6 Re7 53. a5 Rd7 54. Rb6+ Ka7 55. Rc6 Rd5 56. Rc7+ Kb8 57. Rxg7 Rxa5 58. Rg6 Kb7 59. Rxh6 Rd5 60. Ke4 Rd2 61. Rh3 Rxc2 62. Kd4 Kb6 63. Rxc3 Rh2 64. Kc4 a5 65. Kb3 Kb5 66. Rg3 Rh5 67. Rf3 Re5 68. Rg3 a4+ 69. Ka3 Rf5 70. Rh3 Rf1 71. Rh5+ Kc4 72. Rh4+ 1/2-1/2

[Event "WJCC U20 Girls 2019"]
[Site "New Delhi"]
[Date "2019.10.23"]
[Round "9.32"]
[White "Jain Nityata"]
[Black "Fretel, Liza"]
[Result "0-1"]
[ECO "B30"]
[WhiteElo "2029"]
[BlackElo "1877"]
[Annotator "NA"]
[PlyCount "84"]
[EventDate "2019.10.15"]
[EventType "swiss"]
[EventCountry "IND"]
[SourceTitle "playchess.com"]
[Source "ChessBase"]
[SourceQuality "1"]
[TimeControl "40/5400+30:1800+30"]

1. e4 c5 2. Nf3 Nc6 3. Bb5 Nf6 4. Bxc6 dxc6 5. d3 Bg4 6. h3 Bh5 7. Nc3 Nd7 8. g4 Bg6 9. Bf4 e6 10. Qe2 h5 11. O-O-O Be7 12. Kb1 a5 13. d4 cxd4 14. Rxd4 Qb6 15. Rhd1 Nc5 16. Ne5 Bf6 17. Nc4 Qa6 18. Nd6+ Kf8 19. Qxa6 Nxa6 20. e5 Be7 21. a3 b5 22. Nce4 hxg4 23. hxg4 Rd8 24. Ng5 Nc7 25. Nxb5 Rxd4 26. Nxd4 Nd5 27. Bd2 Rh2 28. Nxc6 Rxf2 29. Nxe7 Kxe7 30. Kc1 Ne3 31. Rh1 Nf1 32. Nh3 Rxd2 33. Rxf1 Rxc2+ 34. Kd1 Rxb2 35. Nf4 Be4 36. Re1 Bf3+ 37. Kc1 Rb3 38. Rg1 Rxa3 39. Rg3 Rb3 40. Nh5 a4 41. Nxg7 a3 42. Rg1 Be4 0-1

[Event "WJCC U20 Girls 2019"]
[Site "New Delhi"]
[Date "2019.10.23"]
[Round "9.33"]
[White "Bakshi, Rutuja"]
[Black "Figueroa Bernal, Julia Dennis"]
[Result "1-0"]
[ECO "E68"]
[WhiteElo "2029"]
[BlackElo "1777"]
[Annotator "NA"]
[PlyCount "69"]
[EventDate "2019.10.15"]
[EventType "swiss"]
[EventCountry "IND"]
[SourceTitle "playchess.com"]
[Source "ChessBase"]
[SourceQuality "1"]
[TimeControl "40/5400+30:1800+30"]

1. d4 Nf6 2. Nf3 g6 3. g3 Bg7 4. Bg2 O-O 5. c4 d6 6. Nc3 Nbd7 7. O-O e5 8. e4 exd4 9. Nxd4 Re8 10. h3 a6 11. Re1 Rb8 12. Be3 Ne5 13. Qe2 Bd7 14. Rad1 Qc8 15. Kh2 h5 16. Nd5 b5 17. Bg5 {[%emt 0:06:45] [#]} (17. cxb5 $11 axb5 18. b3) 17... Nxd5 $14 (17... Nh7 $1 $17 18. Bf4 (18. Ne7+ Rxe7 19. Bxe7 bxc4 $17) 18... bxc4 19. Bxe5 Bxe5) 18. cxd5 Kh7 19. f4 f6 20. fxe5 dxe5 21. Be3 exd4 22. Bxd4 Qd8 23. Qf2 Qe7 24. Rd3 Qd6 25. Qf4 Qxf4 26. gxf4 c6 27. d6 f5 28. e5 g5 29. fxg5 c5 30. Bxc5 Bxe5+ 31. Kh1 Bxb2 32. Re7+ Rxe7 33. dxe7 Be8 34. Rd8 Be5 35. Ba7 1-0

[Event "WJCC U20 Girls 2019"]
[Site "New Delhi"]
[Date "2019.10.23"]
[Round "9.34"]
[White "Meghna, C H"]
[Black "Tamarozi, Isabelle"]
[Result "1-0"]
[ECO "B36"]
[WhiteElo "1956"]
[BlackElo "2029"]
[Annotator "NA"]
[PlyCount "97"]
[EventDate "2019.10.15"]
[EventType "swiss"]
[EventCountry "IND"]
[SourceTitle "playchess.com"]
[Source "ChessBase"]
[SourceQuality "1"]
[TimeControl "40/5400+30:1800+30"]

1. e4 c5 2. Nf3 Nc6 3. d4 cxd4 4. Nxd4 g6 5. c4 Nf6 6. Nc3 d6 7. Be2 Nxd4 8. Qxd4 Bg7 9. Be3 O-O 10. Qd2 Be6 11. O-O a5 {[%emt 0:02:30] B36: Sicilian: Maroczy Bind: Gurgenidze System} 12. Rad1 a4 13. Bd4 Qa5 14. f4 Rfc8 15. b3 {[#]} Qb4 $146 ({Predecessor:} 15... axb3 16. axb3 Qb4 17. f5 Bd7 18. Bxf6 Bxf6 {½-½ (48) Almasi,Z (2699)-Papp,G (2597) Ajka 2018}) 16. f5 Bd7 17. Bxf6 exf6 18. Nd5 Qc5+ 19. Qd4 Qxd4+ 20. Rxd4 Re8 21. Nc7 Bh6 22. Rxd6 Bc6 23. Nxe8 Rxe8 24. Bf3 Be3+ 25. Kh1 Bf4 26. Rd3 Be5 27. Rfd1 Kg7 28. Rd8 Re7 29. b4 b5 30. c5 a3 31. R8d3 Ra7 32. Kg1 Ra4 33. Rb3 h5 34. h3 h4 35. fxg6 fxg6 36. Kf2 Kh6 37. Ke3 Be8 38. Rd2 Bf7 39. Rb1 Bc3 40. Rc2 $18 Rxb4 41. Rxb4 Bxb4 42. c6 Be6 43. c7 Bc8 44. Be2 Bd6 45. Bxb5 Kg5 46. Rc6 Bf4+ 47. Kf3 f5 48. exf5 gxf5 49. Ba6 1-0

[Event "WJCC U20 Girls 2019"]
[Site "New Delhi"]
[Date "2019.10.23"]
[Round "9.35"]
[White "Onur, Cigdem"]
[Black "Eesha Ajay Sarda"]
[Result "0-1"]
[ECO "C48"]
[WhiteElo "1913"]
[BlackElo "1744"]
[Annotator "NA"]
[PlyCount "98"]
[EventDate "2019.10.15"]
[EventType "swiss"]
[EventCountry "IND"]
[SourceTitle "playchess.com"]
[Source "ChessBase"]
[SourceQuality "1"]
[TimeControl "40/5400+30:1800+30"]

1. e4 Nf6 2. Nc3 e5 3. Nf3 Nc6 4. Bb5 Bc5 5. d3 h6 6. Be3 Qe7 7. O-O $11 O-O 8. Qd2 a6 9. Ba4 Bxe3 10. fxe3 d6 11. Rae1 Be6 12. Qf2 b5 13. Bb3 Bxb3 14. axb3 Qe6 15. Nh4 b4 16. Ne2 Ne7 17. Ng3 d5 18. Nhf5 Nxf5 19. Nxf5 dxe4 20. Qh4 g6 21. dxe4 Nd7 22. Nxh6+ Kg7 23. Ng4 Rh8 24. Qg3 Rh5 25. h3 Rg5 26. Qh4 Rh5 27. Qf2 f5 28. exf5 gxf5 29. Nh2 Nf6 30. Qg3+ Kf7 31. Nf3 Rg8 32. Qxe5 Qc6 33. Rf2 Ne4 34. Qf4 Nxf2 35. Ne5+ Ke6 36. Nxc6 Nxh3+ 37. Kf1 Nxf4 38. exf4+ Kd6 39. Nxb4 Rh1+ 40. Kf2 Rxe1 41. Kxe1 Rxg2 42. Kd1 a5 43. Nd3 Kd5 44. Ne1 Rh2 45. Nd3 Kd4 46. b4 axb4 47. Nxb4 c5 48. Nd3 Ke3 49. b3 Re2 0-1

[Event "WJCC U20 Girls 2019"]
[Site "New Delhi"]
[Date "2019.10.23"]
[Round "9.36"]
[White "Chandreyee, Hajra"]
[Black "Djuric, Anja"]
[Result "1/2-1/2"]
[ECO "B07"]
[WhiteElo "2024"]
[BlackElo "1493"]
[Annotator "NA RC"]
[PlyCount "104"]
[EventDate "2019.10.15"]
[EventType "swiss"]
[EventCountry "IND"]
[SourceTitle "playchess.com"]
[Source "ChessBase"]
[SourceQuality "1"]
[TimeControl "40/5400+30:1800+30"]

1. e4 d6 2. d4 Nf6 3. Nc3 e5 4. dxe5 dxe5 5. Qxd8+ Kxd8 6. Bc4 Ke8 7. Nf3 Bd6 8. O-O h6 9. b3 Be6 10. Bxe6 fxe6 11. Nb5 Nc6 12. Nxd6+ cxd6 13. Ba3 Rd8 14. Rfe1 Nd4 15. Nxd4 exd4 16. f3 Kf7 17. Red1 e5 18. c3 dxc3 19. Rd3 d5 20. Rxc3 dxe4 21. fxe4 Rc8 22. Rac1 Rxc3 23. Rxc3 Rd8 24. Rc7+ Rd7 25. Rxd7+ Nxd7 26. Kf2 h5 27. g3 g6 28. h3 Ke6 29. Ke3 b5 30. Bb4 a6 31. Kd3 Nf6 32. Bd2 Kd6 33. Bh6 Nd7 34. Ke3 Ke6 35. Bg5 Nc5 36. Bd8 Nb7 37. Bc7 Nc5 38. g4 hxg4 39. hxg4 Nd7 40. Bd8 Nc5 41. Bc7 Nd7 42. Ba5 Nc5 43. Be1 Nd7 44. Bh4 Nc5 45. Bf2 Nd7 46. Kd3 Kd6 47. g5 Nf8 48. Be3 Ne6 49. Kc3 Kc6 50. Kd3 Kd6 51. Kc3 Kc6 52. Kd3 Kd6 1/2-1/2

[Event "WJCC U20 Girls 2019"]
[Site "New Delhi"]
[Date "2019.10.23"]
[Round "9.37"]
[White "Aouachria, Marwa"]
[Black "Punsalan, Vyanla M"]
[Result "0-1"]
[ECO "B27"]
[WhiteElo "1839"]
[BlackElo "1964"]
[Annotator "NA"]
[PlyCount "158"]
[EventDate "2019.10.15"]
[EventType "swiss"]
[EventCountry "IND"]
[SourceTitle "playchess.com"]
[Source "ChessBase"]
[SourceQuality "1"]
[TimeControl "40/5400+30:1800+30"]

1. e4 c5 2. Nf3 g6 3. d4 cxd4 4. Qxd4 Nf6 5. e5 Nc6 6. Qc3 Nd5 7. Qb3 Qc7 8. Bc4 Na5 9. Qb5 Qxc4 10. Qxa5 b6 11. Qd2 Bb7 12. Na3 Qe4+ 13. Qe2 Qg4 14. O-O g5 15. h3 Nf4 16. hxg4 Nxe2+ 17. Kh2 h5 18. Kh3 Bxf3 19. gxf3 hxg4+ 20. Kxg4 Nxc1 21. Raxc1 Rh4+ 22. Kg3 Bg7 23. Rfe1 Rc8 24. c3 Rc5 25. Rh1 Bxe5+ 26. Kg2 Rxh1 27. Rxh1 d6 28. Nb1 Bf4 29. Rh8+ Kd7 30. Ra8 Rc7 31. Na3 Kc6 32. b3 Bc1 33. Nc4 b5 34. Ne3 Bxe3 35. fxe3 Kd5 36. e4+ Ke5 37. Kg3 f6 38. Rb8 a6 39. Rb6 Ra7 40. Kg4 e6 41. a4 bxa4 42. bxa4 d5 43. exd5 exd5 44. Rc6 a5 45. Rc5 Kd6 46. Rb5 Ke6 47. Rb6+ Ke5 48. Rb8 Rc7 49. Re8+ Kd6 50. Rd8+ Ke6 51. Re8+ Kf7 52. Rd8 Rc4+ 53. Kg3 Ke6 54. Re8+ Kd7 55. Rf8 Ke7 56. Rb8 Rxa4 57. Rb5 Kd6 58. Rb6+ Ke5 59. Rb8 Rc4 60. Re8+ Kd6 61. Ra8 a4 62. Kf2 Ke5 63. Kg3 Kf5 64. Ra5 Ke5 65. Ra8 Rxc3 66. Rxa4 Rc4 67. Ra8 Kd4 68. f4 Ke3 69. Ra3+ Ke4 70. fxg5 fxg5 71. Ra8 Kd3 72. Rg8 g4 73. Rg5 Rd4 74. Rf5 Kc4 75. Rf8 Re4 76. Rc8+ Kd3 77. Ra8 d4 78. Ra3+ Ke2 79. Ra4 Ke3 0-1

[Event "WJCC U20 Girls 2019"]
[Site "New Delhi"]
[Date "2019.10.23"]
[Round "9.38"]
[White "Dahampriya, H K T Dewnethmie"]
[Black "Noshin, Anjum"]
[Result "1-0"]
[ECO "C78"]
[WhiteElo "1629"]
[BlackElo "1793"]
[Annotator "NA"]
[PlyCount "123"]
[EventDate "2019.10.15"]
[EventType "swiss"]
[EventCountry "IND"]
[SourceTitle "playchess.com"]
[Source "ChessBase"]
[SourceQuality "1"]
[TimeControl "40/5400+30:1800+30"]

1. e4 e5 2. Nf3 Nc6 3. Bb5 a6 4. Ba4 Nf6 5. O-O b5 6. Bb3 Bc5 7. c3 d6 8. d4 Bb6 9. h3 O-O 10. Bc2 h6 11. Be3 exd4 12. cxd4 Nb4 13. Bb3 d5 14. e5 Ne4 15. a3 Nc6 16. Nc3 Ne7 17. Nd2 Nxc3 18. bxc3 f5 19. f4 Be6 20. Qf3 Qe8 21. Kh2 Qg6 22. Rg1 h5 23. Bd1 Bf7 24. Qf2 Rae8 25. Nf3 Qh6 26. Rh1 Nc6 27. Ng5 Rd8 28. g4 hxg4 29. Kg1 g3 30. Qxg3 Rfe8 31. Kf2 Kf8 32. Bc2 Ne7 33. Rag1 Bg8 34. h4 Rd7 35. h5 Rc8 36. Qh3 Bh7 37. Nxh7+ Qxh7 38. h6 g6 39. Qh4 Ng8 40. Qg5 Kf7 41. Bxf5 gxf5 42. Qg7+ Qxg7 43. Rxg7+ Ke6 44. h7 Rxg7 45. h8=Q Rg6 46. Rg1 Rxg1 47. Kxg1 Ne7 48. Qf6+ Kd7 49. Bf2 Rg8+ 50. Kh2 Rg6 51. Qf7 Rh6+ 52. Kg2 Ba5 53. Be1 Rg6+ 54. Kh3 Rh6+ 55. Bh4 Rxh4+ 56. Kxh4 Bxc3 57. Qf6 a5 58. Qa6 c6 59. Qa7+ Ke6 60. Qc5 Bd2 61. Qd6+ Kf7 62. Kg5 1-0

[Event "WJCC U20 Girls 2019"]
[Site "New Delhi"]
[Date "2019.10.23"]
[Round "9.39"]
[White "Rathi Dhanashree"]
[Black "Salimova, Nurgyul"]
[Result "0-1"]
[ECO "D05"]
[WhiteElo "1692"]
[BlackElo "2415"]
[Annotator "ChessBase"]
[PlyCount "94"]
[EventDate "2019.10.15"]
[EventType "swiss"]
[EventCountry "IND"]
[SourceTitle "playchess.com"]
[Source "ChessBase"]
[SourceQuality "1"]
[TimeControl "40/5400+30:1800+30"]

1. d4 Nf6 2. Nf3 d5 3. e3 e6 4. Bd3 c5 5. b3 Nc6 6. O-O Qc7 7. Bb2 b6 8. Nbd2 Bb7 9. Ne5 Nxe5 10. dxe5 Nd7 11. f4 g6 12. Qe2 Bg7 13. e4 O-O 14. Rae1 a5 15. a4 Rac8 16. Qg4 c4 17. bxc4 dxe4 18. Nxe4 Bxe4 19. Rxe4 Nc5 20. Ree1 Rfd8 21. Qe2 Qd7 22. Ra1 Bh6 23. Rfd1 Qc6 24. Ba3 Nxa4 25. Qe3 Bf8 26. Bxf8 Kxf8 27. Be2 Nc5 28. Rxd8+ Rxd8 29. Bd3 a4 30. Ra3 Qa8 31. Kf2 Qa5 32. Qe1 Qa7 33. Qb4 Kg8 34. Ke3 b5 35. Ke2 Nxd3 36. cxd3 bxc4 37. Qxc4 Qb7 38. Rxa4 Qxg2+ 39. Kd1 Qg1+ 40. Kc2 Qxh2+ 41. Kc3 Qg1 42. Qe4 Qc1+ 43. Kb3 Rb8+ 44. Rb4 Qb1+ 45. Kc3 Qxb4+ 46. Qxb4 Rxb4 47. Kxb4 h5 0-1

[Event "WJCC U20 Girls 2019"]
[Site "New Delhi"]
[Date "2019.10.23"]
[Round "9.40"]
[White "Jayaweera, Sayuni Gihansa"]
[Black "Arushi Kotwal"]
[Result "0-1"]
[ECO "D96"]
[WhiteElo "1788"]
[BlackElo "1657"]
[Annotator "NA"]
[PlyCount "87"]
[EventDate "2019.10.15"]
[EventType "swiss"]
[EventCountry "IND"]
[SourceTitle "playchess.com"]
[Source "ChessBase"]
[SourceQuality "1"]
[TimeControl "40/5400+30:1800+30"]

1. d4 Nf6 2. c4 g6 3. Nc3 d5 4. Nf3 Bg7 5. Qb3 c6 6. cxd5 cxd5 7. Bg5 e6 8. h3 Nc6 9. e3 a6 10. Be2 Na5 11. Qb4 Nc6 12. Qb3 Na5 13. Qa3 b5 14. Nxb5 axb5 15. Bxb5+ Bd7 16. Bxd7+ Kxd7 17. Ne5+ Ke8 18. O-O h6 19. Bh4 g5 20. Bg3 Nc4 21. Qb4 Qb6 22. Qxb6 Nxb6 23. Rfc1 Ne4 24. Bh2 Bf8 25. Rc6 Nd7 26. f3 Nd6 27. Rac1 Rh7 28. a3 Nxe5 29. Bxe5 Nc4 30. b3 Bxa3 31. Ra1 Nxe5 32. dxe5 Ra5 33. Kf2 Kd7 34. Rc2 Rh8 35. Ke2 Rb8 36. Rc3 Bb2 37. Rxa5 Bxc3 38. Ra7+ Ke8 39. Kd3 Bxe5 40. Kc2 Rc8+ 41. Kd2 Rc7 42. Rxc7 Bxc7 43. Kc3 Kd7 44. Kd4 0-1

[Event "WJCC U20 Girls 2019"]
[Site "New Delhi"]
[Date "2019.10.23"]
[Round "9.41"]
[White "Shivika Rohilla"]
[Black "Abdala Cancino, Patricia Anastas"]
[Result "1-0"]
[ECO "C70"]
[WhiteElo "1721"]
[BlackElo "1608"]
[Annotator "NA"]
[PlyCount "125"]
[EventDate "2019.10.15"]
[EventType "swiss"]
[EventCountry "IND"]
[SourceTitle "playchess.com"]
[Source "ChessBase"]
[SourceQuality "1"]
[TimeControl "40/5400+30:1800+30"]

1. e4 e5 2. Nf3 Nc6 3. Bb5 a6 4. Ba4 b5 5. Bb3 Nf6 6. d3 Bc5 7. O-O d6 8. c3 Ba7 9. Be3 Na5 10. Bc2 c5 11. Nbd2 Qe7 12. a4 Nc6 13. axb5 axb5 14. d4 O-O 15. d5 Nb8 16. Qe2 Qb7 17. Ra5 Qc7 18. Rfa1 Ba6 19. Rxa6 Nxa6 20. Rxa6 c4 21. Bxa7 Rxa7 22. Rxa7 Qxa7 23. Qe1 Qa2 24. Qb1 Ra8 25. Kf1 Nd7 26. Ke2 Nc5 27. Kd1 Qa5 28. Nh4 g6 29. g3 Qc7 30. Ng2 Qc8 31. Ne3 Qh3 32. Nf3 h6 33. Ke2 Qd7 34. h4 Ra6 35. Qc1 Qa7 36. Ng4 h5 37. Nf6+ Kg7 38. Qg5 Kf8 39. Qh6+ Ke7 40. Ng8+ Kd8 41. Qf8+ Kc7 42. Qxf7+ Kb6 43. Ne7 Qc7 44. Ng5 Ra7 45. Nxg6 Qxf7 46. Nxf7 Rxf7 47. f4 exf4 48. gxf4 Na4 49. e5 Kc5 50. e6 Ra7 51. e7 Ra8 52. Bf5 Nb6 53. Be6 Nxd5 54. Bf7 Nf6 55. f5 d5 56. Nf4 Kd6 57. Nxd5 Ne8 58. f6 Rb8 59. Bxe8 Rxe8 60. f7 Rxe7+ 61. Nxe7 Kxe7 62. Ke3 Kxf7 63. Kd4 1-0

[Event "WJCC U20 Girls 2019"]
[Site "New Delhi"]
[Date "2019.10.23"]
[Round "9.42"]
[White "Levitan, Ronit"]
[Black "Yaakub, Nov Genevia Pslam"]
[Result "1-0"]
[ECO "C54"]
[WhiteElo "1893"]
[BlackElo "1316"]
[Annotator "NA"]
[PlyCount "47"]
[EventDate "2019.10.15"]
[EventType "swiss"]
[EventCountry "IND"]
[SourceTitle "playchess.com"]
[Source "ChessBase"]
[SourceQuality "1"]
[TimeControl "40/5400+30:1800+30"]

1. e4 e5 2. Nf3 Nc6 3. Bc4 Bc5 4. c3 Nf6 5. d3 h6 6. Nbd2 d6 7. Bb3 O-O 8. h3 Re8 9. Nf1 d5 10. Qe2 dxe4 11. dxe4 b6 12. Ng3 Bb7 13. O-O Bd6 14. Rd1 Qc8 15. Nh4 Ne7 $18 (15... Na5 $16) 16. Qf3 Rd8 17. Bxh6 a5 18. Bg5 a4 19. Bc4 Ba6 20. Bxa6 Rxa6 21. Bxf6 gxf6 22. Nh5 Qe6 23. Qg3+ Kf8 24. Qg7+ 1-0

[Event "WJCC U20 Girls 2019"]
[Site "New Delhi"]
[Date "2019.10.23"]
[Round "9.43"]
[White "Rousseau, Christilla"]
[Black "Lohani, Sujana"]
[Result "1-0"]
[ECO "A45"]
[WhiteElo "1648"]
[BlackElo "1671"]
[Annotator "NA"]
[PlyCount "79"]
[EventDate "2019.10.15"]
[EventType "swiss"]
[EventCountry "IND"]
[SourceTitle "playchess.com"]
[Source "ChessBase"]
[SourceQuality "1"]
[TimeControl "40/5400+30:1800+30"]

1. d4 Nf6 2. Bf4 d6 3. e3 g6 4. h3 Bg7 5. Nf3 O-O 6. Be2 c5 7. c3 Nc6 8. O-O a6 9. Bh2 b5 10. Nbd2 Bb7 11. a4 b4 12. Nb3 cxd4 13. cxd4 Na5 14. Rc1 Nxb3 15. Qxb3 a5 16. Rc2 Rc8 17. Rfc1 Qb6 18. Rxc8 Rxc8 19. Rxc8+ Bxc8 20. Bc4 e6 21. Bb5 Ne4 22. Qc2 Bb7 23. Bd3 Nf6 24. Nd2 Bf8 25. Qc4 Bc6 26. b3 Nd5 27. Ne4 Qc7 28. Qa6 f5 29. Nd2 Bb7 30. Qc4 Qd8 31. e4 fxe4 32. Bxe4 Kg7 33. Qc2 Qa8 34. Nc4 Nc3 35. Bxb7 Qxb7 36. Bxd6 Bxd6 37. Nxd6 Qd5 38. Nc4 Qxd4 39. Nxa5 Qh4 40. Nc6 1-0

[Event "WJCC U20 Girls 2019"]
[Site "New Delhi"]
[Date "2019.10.23"]
[Round "9.44"]
[White "Du Plessis, Anika"]
[Black "Reid, Caitlin"]
[Result "1-0"]
[ECO "B73"]
[WhiteElo "1594"]
[BlackElo "1489"]
[Annotator "NA RC"]
[PlyCount "46"]
[EventDate "2019.10.15"]
[EventType "swiss"]
[EventCountry "IND"]
[SourceTitle "playchess.com"]
[Source "ChessBase"]
[SourceQuality "1"]
[TimeControl "40/5400+30:1800+30"]

1. e4 c5 2. Nf3 d6 3. d4 cxd4 4. Nxd4 Nf6 5. Nc3 g6 6. Be2 Bg7 7. O-O Nc6 8. Be3 O-O 9. f4 e6 10. Ndb5 Ne8 11. Qd2 a6 12. Nd4 Nc7 13. Nf3 Qe7 14. Rad1 Rd8 15. Qe1 b5 16. a3 Bb7 17. Qf2 Na5 18. f5 Nc4 19. Bxc4 bxc4 20. fxg6 fxg6 21. Bg5 Bf6 22. Bxf6 Qxf6 23. Qb6 Rdc8 1-0

[Event "WJCC U20 Girls 2019"]
[Site "New Delhi"]
[Date "2019.10.24"]
[Round "10.1"]
[White "Shuvalova, Polina"]
[Black "Berdnyk, Mariia"]
[Result "1-0"]
[ECO "B51"]
[WhiteElo "2412"]
[BlackElo "2349"]
[Annotator "NA"]
[PlyCount "131"]
[EventDate "2019.10.15"]
[EventType "swiss"]
[EventCountry "IND"]
[SourceTitle "playchess.com"]
[Source "ChessBase"]
[SourceQuality "1"]
[TimeControl "40/5400+30:1800+30"]

1. e4 c5 2. Nf3 d6 3. Bb5+ Nd7 4. c3 Ngf6 5. Qe2 a6 6. Ba4 b5 7. Bc2 Bb7 8. O-O g6 9. d4 Bg7 10. Rd1 O-O 11. e5 Bxf3 12. gxf3 Nh5 13. f4 e6 14. dxc5 $11 d5 15. Qg4 Nxc5 16. Be3 Nd7 17. Nd2 Qe7 18. Nf1 f6 19. exf6 Qxf6 20. Ng3 Nxf4 21. Bxf4 Qxf4 22. Qxe6+ Kh8 23. Qe3 Qf7 24. Bb3 Rae8 25. Bxd5 Rxe3 26. Bxf7 Rxg3+ 27. hxg3 Rxf7 28. a4 b4 29. cxb4 Bxb2 30. Rab1 Be5 31. Rbc1 Kg7 32. Rc6 Nb8 33. Re6 Bc7 34. Kg2 Kf8 35. b5 axb5 36. axb5 Nd7 37. Rc1 Bb6 38. Rc8+ Kg7 39. f4 Rf6 40. Re7+ Rf7 41. Rxf7+ Kxf7 42. Rc6 Be3 43. Kf3 Bg1 44. g4 Ke7 45. g5 Nb6 46. Rc1 Bd4 47. Rh1 Ke6 48. Rxh7 Nd5 49. Ke4 Bg1 50. Rh1 Ba7 51. Rh6 Nc3+ 52. Kf3 Kf5 53. Rh7 Nxb5 54. Rf7+ Ke6 55. Rf6+ Ke7 56. Rxg6 Bd4 57. f5 Nd6 58. Re6+ Kd7 59. Kg4 Bc3 60. Re2 Ne8 61. Kh5 Nc7 62. f6 Nd5 63. f7 Bb4 64. Kh6 Bf8+ 65. Kh7 Nf4 66. Re8 1-0

[Event "WJCC U20 Girls 2019"]
[Site "New Delhi"]
[Date "2019.10.24"]
[Round "10.2"]
[White "Dordzhieva, Dinara"]
[Black "Alinasab, Mobina"]
[Result "1/2-1/2"]
[ECO "C11"]
[WhiteElo "2335"]
[BlackElo "2239"]
[Annotator "NA"]
[PlyCount "119"]
[EventDate "2019.10.15"]
[EventType "swiss"]
[EventCountry "IND"]
[SourceTitle "playchess.com"]
[Source "ChessBase"]
[SourceQuality "1"]
[TimeControl "40/5400+30:1800+30"]

1. e4 e6 2. d4 d5 3. Nc3 Nf6 4. e5 Nfd7 5. f4 c5 6. Nf3 Nc6 7. Be3 a6 8. Be2 b5 9. Qd2 Qb6 10. O-O cxd4 {[%emt 0:18:34] C11: French: Classical System: 4 e5 and 4 Bg5 dxe4} 11. Nxd4 Bc5 12. Rad1 O-O (12... g6 13. a3 Bb7 14. Rf3 Nxd4 15. Bxd4 Bxd4+ 16. Qxd4 Rc8 17. Rh3 Ke7 18. Kf1 Qxd4 19. Rxd4 {½-½ (91) Kamsky,G (2700)-Akobian,V (2556) Philadelphia 2005}) 13. Bf3 Nxd4 14. Bxd4 Bxd4+ 15. Qxd4 Qxd4+ $146 ({Predecessor:} 15... Bb7 16. Ne2 Rac8 17. c3 Rc4 18. Qxb6 Nxb6 {½-½ (86) Guerreiro,A (1962)-Pinto,R (2022) Sao Paulo 2014}) 16. Rxd4 Rb8 17. Rdd1 Nb6 18. b3 b4 19. Ne2 a5 20. Nd4 Bd7 21. Rfe1 Rfc8 22. Be2 $11 Rc5 23. Bd3 Nc8 24. Kf2 Na7 25. Ra1 Nc6 26. Nxc6 Bxc6 27. a3 g6 28. Ke3 Bd7 29. axb4 Rxb4 30. Ra3 a4 31. bxa4 Bxa4 32. c3 Rxc3 33. Rxc3 d4+ 34. Kd2 dxc3+ 35. Kxc3 Rxf4 36. Re4 Rxe4 37. Bxe4 f6 38. exf6 Kf7 39. Kd4 Kxf6 40. h4 Bd1 41. g3 Bg4 42. Bd3 Bf5 43. Be2 h6 44. Bd1 Bb1 45. Bg4 Ba2 46. Bh3 Bd5 47. Bg4 Bg2 48. Bd1 Kf5 49. Bc2+ Kg4 50. Bxg6 Kxg3 51. Ke5 Bh3 52. h5 Kh4 53. Bf7 Bg4 54. Bxe6 Kxh5 55. Bf7+ Kg5 56. Be8 Bc8 57. Ke4 Bf5+ 58. Ke3 Bg6 59. Bxg6 Kxg6 60. Ke4 1/2-1/2

[Event "WJCC U20 Girls 2019"]
[Site "New Delhi"]
[Date "2019.10.24"]
[Round "10.4"]
[White "Li, Yunshan"]
[Black "Tsolakidou, Stavroula"]
[Result "1/2-1/2"]
[ECO "E04"]
[WhiteElo "2289"]
[BlackElo "2431"]
[Annotator "NA"]
[PlyCount "114"]
[EventDate "2019.10.15"]
[EventType "swiss"]
[EventCountry "IND"]
[SourceTitle "playchess.com"]
[Source "ChessBase"]
[SourceQuality "1"]
[TimeControl "40/5400+30:1800+30"]

1. d4 Nf6 2. c4 e6 3. g3 d5 4. Bg2 dxc4 5. Nf3 a6 6. O-O Nc6 7. e3 Rb8 8. Qe2 {[%emt 0:01:03] E04: Open Catalan: 5 Nf3} (8. Nfd2 e5 9. Bxc6+ bxc6 10. dxe5 Ng4 11. Nxc4 Be6 12. Qe2 h5 13. Rd1 Qc8 14. Qf3 Rb6 15. Nxb6 cxb6 16. h4 Nxe5 {½-½ (41) Grischuk,A (2759)-Ding,L (2811) Khanty-Mansiysk 2019}) 8... b5 9. b3 cxb3 10. axb3 Be7 11. Bb2 O-O 12. Rc1 Rb6 13. Ne1 $146 ({Predecessor:} 13. Nbd2 Bb7 14. Ne1 Nb4 15. Bxb7 Rxb7 {1-0 (59) Arun Prasad,S (2530)-Akshayraj,K (2386) Moscow 2012}) 13... Bb7 14. Nd3 Qa8 15. Qf1 Nb4 16. Nxb4 Bxb4 17. Rxc7 Bxg2 18. Qxg2 Nd5 19. Rc1 Rc8 20. Na3 Rxc1+ 21. Rxc1 Rc6 22. Qf1 f5 23. Rxc6 Qxc6 24. Qc1 $15 Qb7 25. Nc2 Bd6 26. f3 Nf6 27. Kf2 a5 28. Ne1 h6 29. Nd3 Qd5 30. Qc2 Kh7 31. Nc5 Qc6 32. Qd3 Be7 33. g4 g6 34. gxf5 exf5 35. e4 fxe4 36. Nxe4 Nd5 37. Nc3 Nf4 38. Qe3 Qc7 39. Kf1 Bg5 40. Ne4 Qd7 41. Nxg5+ hxg5 42. Kg1 Qf5 43. Qe4 Nd5 44. Kf2 a4 45. bxa4 bxa4 46. Ba3 Kg7 47. Qe8 Qc2+ 48. Kg3 Qf5 49. Kf2 Kh7 50. Qe4 Qd7 51. Qe5 Nf4 52. Qe4 Qf7 53. d5 Nxd5 54. Qxa4 Nf4 55. Bd6 Qf5 56. Qe4 Ne6 57. Qxf5 gxf5 1/2-1/2